 Dungeon Crawl Stone Soup version 0.32-a0-599-gba8f9cf90e (webtiles) character file.

Game seed: 4433609623177718058

1400 cforsyth the Reanimator (level 8, 0/62 (68) HPs)
             Began as a Mountain Dwarf Necromancer on Mar 2, 2024.
             Slain by a sky beast (5 damage)
             ... on level 6 of the Dungeon.
             The game lasted 00:11:02 (7114 turns).

cforsyth the Reanimator (MDNe)                      Turns: 7114, Time: 00:11:04

HP:   0/62 (68)     AC: 16    Str: 12    XL:     8   Next: 41%
MP:   7/10          EV:  3    Int: 17    God:
Gold: 449           SH:  0    Dex: 10    Spells: 5/10 levels left

rFire   . . .        r - +2 hand axe (elec)
rCold   + . .        (no shield)
rNeg    . . .        p - +0 plate armour
rPois   .            (no helmet)
rElec   .            (no cloak)
rCorr   .            (no gloves)
SInv    .            (no boots)
Will    .....        (no amulet) Stlth
                     T - +4 ring of protection
HPRegen 0.30/turn    C - ring of protection from cold
MPRegen 0.12/turn

%: no passive effects
@: drained
A: runic magic, artefact enchanting
a: no special abilities


You were on level 6 of the Dungeon.
You visited 1 branch of the dungeon, and saw 6 of its levels.

You collected 449 gold pieces.


Innate Abilities, Weirdness & Mutations

Your spellcasting is much less encumbered by armour.
You can use scrolls of enchantment on lesser artefacts.


   Skills:
 - Level 5.3 Fighting
 + Level 5.1 Axes
 + Level 4.4 Armour
 - Level 1.3 Dodging
 - Level 1.4 Stealth
 - Level 1.7 Spellcasting
 + Level 8.5 Necromancy


You had 5 spell levels left.
You knew the following spells:

 Your Spells              Type           Power      Damage    Failure   Level
a - Animate Dead          Necr           30%        N/A       22%         4
X - Necrotise             Necr           100%       1d9       2%          1

Your spell library contained the following spells:

 Spells                   Type           Power      Damage    Failure   Level
 Fugue of the Fallen      Necr           30%        N/A       6%          3
 Vampiric Draining        Necr           30%        2d8       6%          3
 Curse of Agony           Necr           30%        N/A       52%         5
 Sandblast                Erth           2%         2d4       56%         1
 Dazzling Flash           Conj/Hex       2%         N/A       91%         3
 Gell's Gravitas          Tloc           1%         N/A       91%         3
 Hailstorm                Conj/Ice       1%         3d5       91%         3
 Mephitic Cloud           Conj/Alch/Air  1%         N/A       91%         3
 Ozocubu's Armour         Ice            1%         N/A       91%         3
 Passwall                 Erth           1%         N/A       91%         3
 Stone Arrow              Conj/Erth      2%         3d7       91%         3
 Summon Ice Beast         Ice/Summ       1%         N/A       91%         3
 Teleport Other           Tloc           1%         N/A       91%         3
 Brom's Barrelling Bould  Conj/Erth      1%         2d3       100%        4
 Manifold Assault         Tloc           1%         N/A       100%        4
 Silence                  Hex/Air        0%         N/A       100%        5
 Dispersal                Tloc           0%         N/A       100%        6
 Sculpt Simulacrum        Ice/Alch       0%         N/A       100%        6

Inventory:

Hand Weapons
 f - a +5 scimitar
 l - a +0 flail
 r - a +2 hand axe of electrocution (weapon)
Missiles
 q - a throwing net {=f}
Armour
 d - a +0 buckler
 p - a +0 plate armour (worn)
Jewellery
 C - a ring of protection from cold (right hand)
 T - a +4 ring of protection (left hand)
Wands
 u - a wand of flame (27)
Scrolls
 c - a scroll of revelation
 e - 5 scrolls of teleportation {@r2}
 i - a scroll of fog
 j - 2 scrolls of identify {@r1}
 k - 2 scrolls of enchant weapon
 n - 2 scrolls of vulnerability
 o - 2 scrolls of silence {unknown}
 t - 2 scrolls of poison
Potions
 a - a potion of curing {@q1}
 b - a potion of magic
 g - a potion of brilliance {unknown}
 h - 2 potions of attraction {unknown}

Dungeon Overview and Level Annotations

Branches:
Dungeon (6/15)
 Temple: D:4-7

Altars:
Cheibriados
Gozag
Qazlal
Yredelemnul

▒##..#.......#
#.+..#.......# . #.#...
#.##▒#.......#.. ...#..#
....####.......# ....#.#
....'..#..........⚑....#
....#..#.......#.....#.#
#.##▒##.........#...#..#
#.'...+.........Y#.#....
▒##...##▒.......@.......
#.......#+##.....#.####.
#'#...#+# #.....# ..
..#...# #...).# ...
..▒#+#▒ #.....# ... ..#
#.....# ..
#+##########.....### .
#....#..........(....
▒....#...............


You could see a sky beast.


Message History

You hit something but do no damage.
Reactivating autopickup.
A sky beast appears from thin air!
The sky beast hits you but does no damage.
Unknown command.
Casting: Necrotise (safe; 2% risk of failure)
Confirm with . or Enter, or press ? or * to list all spells.
Aiming: Necrotise (safe; 2% risk of failure)
Press: ? - help, Shift-Dir - straight line, f - sky beast
Aim: a sky beast (rain, severely wounded, chance to affect: 83%)
The sky beast writhes in agony.
The sky beast hits you but does no damage.
Casting: Necrotise (safe; 2% risk of failure)
Confirm with . or Enter, or press ? or * to list all spells.
Aiming: Necrotise (safe; 2% risk of failure)
Press: ? - help, Shift-Dir - straight line, f/p - sky beast
Aim: a sky beast (almost dead, chance to affect: 83%)
The sky beast barely resists.
The sky beast hits you.
* * * LOW HITPOINT WARNING * * *
The sky beast shocks you.
* * * LOW HITPOINT WARNING * * *
Casting: Necrotise (safe; 2% risk of failure)
Confirm with . or Enter, or press ? or * to list all spells.
Aiming: Necrotise (safe; 2% risk of failure)
Press: ? - help, Shift-Dir - straight line, f/p - sky beast
Aim: a sky beast (almost dead, chance to affect: 83%)
The sky beast barely resists.
The sky beast hits you.
* * * LOW HITPOINT WARNING * * *
The sky beast shocks you.
You die...

Skill      XL: |  1  2  3  4  5  6  7  8 |
---------------+-------------------------+-----
Fighting       | 1 2 3 4 5 |  5.3
Necromancy     | 5 6 7 8 |  8.5
Axes           | 1 3 5 |  5.1
Armour         | 3 4 |  4.4
Dodging        | |  1.3
Stealth        | |  1.4
Spellcasting   | |  1.7

Action                     |  1- 3 |  4- 6 |  7- 9 || total
---------------------------+-------+-------+-------++-------
  Melee: Unarmed           |    26 |       |       ||    26
         Punch             |     1 |       |       ||     1
         Flail             |    27 |     7 |       ||    34
         Hand axe          |       |     2 |    94 ||    96
   Cast: Necrotise         |    96 |   107 |    64 ||   267
  Evoke: Wand              |       |       |     2 ||     2
    Use: Scroll            |       |       |    12 ||    12
         Potion            |       |       |     3 ||     3
   Stab: Paralysed         |       |       |     2 ||     2
 Armour: Robe              |    37 |       |       ||    37
         Plate armour      |    30 |    85 |   152 ||   267
  Dodge: Dodged            |    36 |     8 |    13 ||    57

Levels and vault maps discovered:
D:1:      amcnicky_arrival_double_pillar, layout_rooms
D:2:      layout_basic, reono_crystal_passage, minmay_diced_spiral
D:3:      layout_loops_ring, kennysheep_generic_room_6, uniq_natasha
D:4:      minmay_chambers_of_fours, layout_basic, serial_curves, eino_curves_02,
          eino_curves_04, eino_curves_02, eino_curves_03
D:5:      layout_cave_pools, amcnicky_altar_gilded, nicolae_gozag_seed_capital,
          chequers_serial_rivers_micro_d, minivault_14
D:6:      nicolae_cairo_tiling_large, layout_gridville,
          nicolae_qazlal_beasts_of_the_sky, mainiacjoe_overflow_alcove_1

Notes
Turn   | Place    | Note
-------+----------+-------------------------------------------
     0 | D:1      | cforsyth the Mountain Dwarf Necromancer began the quest for
                  | the Orb.
     0 | D:1      | Reached XP level 1. HP: 14/14 MP: 3/3
   132 | D:1      | Reached skill level 1 in Fighting
   209 | D:1      | Reached XP level 2. HP: 23/23 MP: 0/4
  1140 | D:2      | Reached skill level 2 in Fighting
  1140 | D:2      | Reached XP level 3. HP: 10/29 MP: 0/5
  1227 | D:2      | Reached skill level 5 in Necromancy
  2623 | D:3      | Noticed Natasha
  2643 | D:3      | Killed Natasha
  2644 | D:3      | Reached skill level 3 in Fighting
  2644 | D:3      | Reached XP level 4. HP: 18/38 MP: 0/6
  2882 | D:3      | Noticed Natasha
  2886 | D:3      | Killed Natasha
  2960 | D:3      | Noticed Natasha
  3060 | D:3      | Killed Natasha
  3061 | D:3      | Reached XP level 5. HP: 44/45 MP: 3/7
  3129 | D:3      | Reached skill level 6 in Necromancy
  3333 | D:4      | Reached skill level 4 in Fighting
  3541 | D:4      | Reached XP level 6. HP: 53/53 MP: 0/8
  3732 | D:4      | Reached skill level 5 in Fighting
  3946 | D:3      | Learned a level 4 spell: Animate Dead
  4054 | D:3      | Reached skill level 7 in Necromancy
  4107 | D:4      | Reached skill level 1 in Axes
  4503 | D:4      | Reached XP level 7. HP: 60/61 MP: 2/9
  4715 | D:4      | Reached skill level 1 in Armour
  5111 | D:5      | Entered Level 5 of the Dungeon
  5116 | D:5      | Identified a potion of resistance
  5169 | D:5      | Reached skill level 2 in Axes
  5281 | D:4      | Reached skill level 2 in Armour
  5372 | D:5      | Reached skill level 3 in Axes
  5429 | D:5      | Found a snail-covered altar of Cheibriados.
  5860 | D:5      | Found an opulent altar of Gozag.
  5996 | D:6      | HP: 3/55 [something (6)]
  6000 | D:6      | Reached skill level 3 in Armour
  6000 | D:6      | Reached skill level 8 in Necromancy
  6000 | D:6      | Reached XP level 8. HP: 29/66 MP: 4/10
  6004 | D:6      | Reached skill level 4 in Axes
  6379 | D:6      | Identified the +0 leather armour of the Desert {rN++}
  6633 | D:6      | Reached skill level 4 in Armour
  6720 | D:6      | HP: 3/59 [wight/+5 scimitar (4)]
  6812 | D:6      | Reached skill level 5 in Axes
  6904 | D:6      | Found a basalt altar of Yredelemnul.
  7086 | D:6      | Found a stormy altar of Qazlal.
  7113 | D:6      | HP: 5/62 [sky beast (5)]
  7114 | D:6      | Slain by a sky beast

Vanquished Creatures
  An ice beast (D:4)
  A sky beast (D:6)
  A centaur (D:6)
  2 ogres (D:5)
  2 phantoms (D:6)
  A bullfrog (D:6)
  2 scorpions (D:4)
  A wight (D:6)
  2 bombardier beetles (D:4)
  2 jellies
  3 orc priests
  A gnoll bouda (D:4)
  Natasha (thrice) (D:3)
  3 iguanas
  An orc wizard (D:4)
  3 adders
  A shadow imp (D:4)
  2 white imps
  2 ribbon worms
  4 dart slugs
  20 orcs
  6 ball pythons
  8 endoplasms
  A giant cockroach (D:4)
  10 hobgoblins
  2 jackals (D:4)
  8 kobolds
  4 quokkas
  3 bats
  3 frilled lizards
  4 goblins
  4 rats
111 creatures vanquished.

Vanquished Creatures (collateral kills)
  An endoplasm (D:1)
  A ball python (D:1)
2 creatures vanquished.

Grand Total: 113 creatures vanquished

Table legend: (Time is in decaauts)
 A = Elapsed time spent in this place.
 B = Non-inter-level travel time spent in this place.
 C = Inter-level travel time spent in this place.
 D = Time resting spent in this place.
 E = Time spent auto-exploring this place.
 F = Levels seen in this place.
 G = Mean time per level.
                   A        B        C        D        E       F      G
               +--------+--------+--------+--------+--------+-----+--------+
         Total |   7166 |   6958 |    208 |   1070 |   4725 |   6 | 1194.3 |
       Dungeon |   7166 |   6958 |    208 |   1070 |   4725 |   6 | 1194.3 |
               +--------+--------+--------+--------+--------+-----+--------+

Top non-repeatable levels by time:
     D:4: 1808 daAuts
     D:3: 1643 daAuts
     D:2: 1120 daAuts
     D:6: 1012 daAuts
     D:1: 855 daAuts
     D:5: 725 daAuts

Table legend:
 A = Non-vault XP
 B = Vault XP
 C = Vault XP percentage of total XP
 D = Non-vault monster count
 E = Vault monster count
 F = Vault count percentage of total count
                 A         B        C        D         E       F
            +---------+---------+-------+---------+---------+-------
      Total |    1881 |     119 |   5.9 |     100 |      13 |  11.5
            +---------+---------+-------+---------+---------+-------
        D:1 |      24 |       0 |   0.0 |      14 |       0 |   0.0
        D:2 |      20 |      12 |  37.5 |      12 |       4 |  25.0
        D:3 |     245 |      43 |  14.9 |      24 |       3 |  11.1
        D:4 |     628 |      64 |   9.2 |      30 |       6 |  16.7
        D:5 |     268 |       0 |   0.0 |      11 |       0 |   0.0
        D:6 |     696 |       0 |   0.0 |       9 |       0 |   0.0
            +---------+---------+-------+---------+---------+-------
